 Dungeon Sprint DCSS version 0.30.1-11-g7821555f0a (webtiles) character file.

Game seed: 12050808161618107450

184 jagang the Protected (level 5, -13/53 HPs)
             Began as a Minotaur Fighter on Nov 21, 2023.
             Killed from afar by a deep elf pyromancer (31 damage)
             ... with a bolt of fire
             ... in the Dungeon (Sprint III: "The Ten Rune Challenge").
             The game lasted 00:01:33 (413 turns).

jagang the Protected (Minotaur Fighter)              Turns: 413, Time: 00:01:35

Health: -13/53     AC:  8    Str: 22    XL:     5   Next: 36%
Magic:  4/4        EV:  9    Int:  5    God:
Gold:   33         SH:  5    Dex: 10    Spells: 4/4 levels left

rFire   . . .        a - +0 war axe
rCold   . . .        c - +0 buckler
rNeg    . . .        b - +0 scale mail
rPois   .            (helmet restricted)
rElec   .            (no cloak)
rCorr   .            (no gloves)
SInv    .            (no boots)
Will    .....        (no amulet) Stlth
                     (no ring)
HPRegen 0.28/turn    (no ring)
MPRegen 0.09/turn

%: no teleportation
@: no status effects
A: horns 2, retaliatory headbutt
a: no special abilities


You were in the Dungeon.
You visited 1 branch You collected 33 gold pieces.

Inventory:

Hand Weapons
 a - a +0 war axe (weapon)
Armour
 b - a +0 scale mail (worn)
 c - a +0 buckler (worn)
Scrolls
 j - a scroll of blinking
 k - a scroll of torment {unknown}
 m - a scroll of poison {unknown}
 n - 3 scrolls of identify
 p - a scroll of immolation {unknown}
Potions
 d - a potion of might
 e - a potion of curing
 f - 2 potions of heal wounds
 g - 2 potions of haste
 h - 2 potions of magic
 i - a potion of berserk rage
 l - 2 potions of mutation {unknown}
 o - 3 potions of flight {unknown}


   Skills:
 * Level 8.0 Fighting
 * Level 7.4 Axes
 * Level 8.0 Armour
 + Level 6.1 Shields


You had 4 spell levels left.
You didn't know any spells.
Your spell library contained the following spells:

 Spells                   Type           Power      Damage    Failure   Level
 Magic Dart               Conj           0%         1d3       83%         1
 Call Imp                 Summ           0%         N/A       92%         2
 Lesser Beckoning         Tloc           0%         N/A       92%         2
 Gell's Gravitas          Tloc           0%         N/A       99%         3
 Mephitic Cloud           Conj/Pois/Air  0%         N/A       99%         3
 Teleport Other           Tloc           0%         N/A       99%         3


Dungeon Overview and Level Annotations

Branches:
Dungeon (1/1)

Altars:
Kikubaaqudgha
Sif Muna
Vehumet
Zin


Innate Abilities, Weirdness & Mutations

You have a pair of horns on your head.
You reflexively headbutt those who attack you in melee.


Message History

The deep elf pyromancer blinks!
The deep elf pyromancer hits you but does no damage.
You barely miss the deep elf pyromancer.
The deep elf pyromancer is moderately wounded.
The deep elf pyromancer points at you and mumbles some strange words.
The sticky flame hits you.
You are covered in liquid flames!
You miss the deep elf pyromancer.
The deep elf pyromancer is moderately wounded.
You are covered in liquid flames!
You block the deep elf pyromancer's attack.
You slash the deep elf pyromancer! You headbutt the deep elf pyromancer!
The deep elf pyromancer is severely wounded.
You are covered in liquid flames!
You are no longer on fire.
The deep elf pyromancer drinks a potion.
The deep elf pyromancer is healed!
You closely miss the deep elf pyromancer.
The deep elf pyromancer is lightly wounded.
The deep elf pyromancer closely misses you.
The deep elf pyromancer barely misses you.
You miss the deep elf pyromancer.
The deep elf pyromancer is lightly wounded.
The deep elf pyromancer hits you with a +0 long sword of holy wrath!
You slash the deep elf pyromancer!
The deep elf pyromancer is moderately wounded.
The deep elf pyromancer hits you with a +0 long sword of holy wrath.
You closely miss the deep elf pyromancer.
The deep elf pyromancer is moderately wounded.
The deep elf pyromancer completely misses you.
You closely miss the deep elf pyromancer.
The deep elf pyromancer is lightly wounded.
The deep elf pyromancer hits you but does no damage.
You hit the deep elf pyromancer.
Your headbutt misses the deep elf pyromancer.
The deep elf pyromancer is moderately wounded.
The deep elf pyromancer casts a spell at you.
The bolt of fire hits you!!
Ouch! That really hurt!
You die...

▓▓▓▓▓▓ ▓▓▓ .#[..#### ##.#
## .#......#####..# _#
##....†..#..#..# .#
.##.##...#..#..###'#+###+
.##.###..##'#..#.........
####.##..###...'@⌠.......
##..##..####...#e..######
....##..###....#.⌠.#
#..##...##.....#...#
..##....#......#)###
.###..##†#.....#...# .#
#..#####....#___# ▓▓ ▓▓▓▓
▓▓▓▓▓▓▓▓▓▓


You could see a deep elf pyromancer.

Vanquished Creatures
  A scorpion (D)
  A water elemental (D)
  A kobold demonologist (D)
  A human (D)
  An endoplasm (D)
  3 rats (D)
8 creatures vanquished.

Vanquished Creatures (others)
  A wizard (D)
1 creature vanquished.

Grand Total: 9 creatures vanquished

Notes
Turn   | Place    | Note
-------+----------+-------------------------------------------
     0 | D        | jagang the Minotaur Fighter began the quest for the Orb.
     0 | D        | Reached XP level 1. HP: 19/19 MP: 0/0
   164 | D        | Reached skill level 5 in Fighting
   164 | D        | Reached skill level 5 in Armour
   164 | D        | Reached XP level 2. HP: 23/29 MP: 1/1
   165 | D        | Noticed a scorpion
   175 | D        | Killed a scorpion
   176 | D        | Reached skill level 5 in Axes
   176 | D        | Reached skill level 5 in Shields
   176 | D        | Reached XP level 3. HP: 15/38 MP: 2/2
   176 | D        | Reached XP level 4. HP: 18/45 MP: 3/3
   306 | D        | Noticed a water elemental
   311 | D        | Killed a water elemental
   312 | D        | Reached XP level 5. HP: 46/52 MP: 4/4
   335 | D        | Found a radiant altar of Vehumet.
   335 | D        | Found a shimmering blue altar of Sif Muna.
   335 | D        | Found an ancient bone altar of Kikubaaqudgha.
   399 | D        | Found a glowing silver altar of Zin.
   401 | D        | Noticed a deep elf pyromancer
   413 | D        | Killed from afar by a deep elf pyromancer

Illustrated notes

Levels and vault maps discovered:
D:        dungeon_sprint_mu [sprint_mu_entry_cave, sprint_mu_temple_rooms,
          sprint_mu_d1_spiders, sprint_mu_d2_genie, sprint_mu_d3_branching,
          sprint_mu_orc_legion, sprint_mu_elf_gauntlet, sprint_mu_hive_nellie,
          sprint_mu_lair_fedhas, sprint_mu_vaults_butterflies,
          sprint_mu_slime_circle, sprint_mu_shoals_archi,
          sprint_mu_snake_twists, sprint_mu_blade_basic,
          sprint_mu_crypt_fortress, sprint_mu_tomb_spiral,
          sprint_mu_vestibule_basic, sprint_mu_gehenna_hellfire,
          sprint_mu_dis_giant, sprint_mu_tartarus_statrot,
          sprint_mu_cocytus_islands, sprint_mu_zot1]

Skill      XL: |  1  2  3  4  5 |
---------------+----------------+-----
Fighting       | 5 6 7 8 |  8.0
Armour         | 5 6 7 8 |  8.0
Axes           | 4 5 6 7 |  7.4
Shields        | 4 5 6 |  6.1

Action                     |  1- 3 |  4- 6 || total
---------------------------+-------+-------++-------
  Melee: War axe           |    26 |    18 ||    44
         Headbutt          |     1 |     2 ||     3
   Stab: Distracted        |       |     1 ||     1
 Armour: Scale mail        |     8 |     4 ||    12
  Dodge: Dodged            |    11 |     3 ||    14
  Block: Buckler           |     7 |     1 ||     8
